 Dungeon Crawl Stone Soup version 0.21-a0-228-g14ccbf3 (webtiles) character file.

1 Gorglomux the Sneak (level 1, 15/15 HPs)
             Began as a Naga Earth Elementalist on Aug 31, 2017.
             Quit the game on level 1 of the Dungeon.
             The game lasted 00:00:11 (93 turns).

Gorglomux the Sneak (Naga Earth Elementalist)         Turns: 93, Time: 00:00:12

Health: 15/15      AC:  1    Str: 10    XL:     1   Next: 20%
Magic:  3/3        EV: 10    Int: 15    God:
Gold:   14         SH:  0    Dex: 11    Spells: 3/4 levels left

rFire    . . .     SeeInvis +   (no weapon)
rCold    . . .     Gourm    .   (no shield)
rNeg     . . .     Faith    .   c - +0 robe
rPois    +         Spirit   .   (no helmet)
rElec    .         Reflect  .   (no cloak)
rCorr    .         Harm     .   (no gloves)
MR       .....                  (no barding)
Stlth    ++........             (no amulet)
HPRegen  0.05/turn              (no ring)
MPRegen  0.08/turn              (no ring)

@: short of breath, very slow
A: see invisible, deformed body, poison resistance, slowness 2, slow metabolism
1, spit poison 1, AC +0
a: Spit Poison


You were on level 1 of the Dungeon.
You were not hungry.

You visited 1 branch of the dungeon, and saw 1 of its levels.

You collected 14 gold pieces.

Inventory:

Missiles
 b - 30 stones (quivered)
Armour
 c - a +0 robe (worn)
Scrolls
 g - a scroll of recharging {unknown}
 h - a scroll of enchant weapon {unknown}
Potions
 f - a potion of curing {unknown}
Books
 e - a book of Geomancy

   Spells                             Type                      Level
   a - Sandblast                      Earth                        1
   b - Passwall                       Transmutation/Earth          2
   c - Stone Arrow                    Conjuration/Earth            3
   d - Petrify                        Transmutation/Earth          4
   e - Lee's Rapid Deconstruction     Earth                        5
Comestibles
 d - a bread ration


   Skills:
 + Level 1.6 Dodging
 + Level 3.1 Stealth
 + Level 2.0 Spellcasting
   Level 1.0 Transmutations
 + Level 3.0 Earth Magic


You had 3 spell levels left.
You knew the following spells:

 Your Spells              Type           Power        Failure   Level  Hunger
a - Sandblast             Erth           ##....       6%          1    #......


Dungeon Overview and Level Annotations

Branches:
Dungeon (1/15)

Altars:


Innate Abilities, Weirdness & Mutations

You cannot wear boots.
Your serpentine skin is tough. (AC +0)
You have supernaturally acute eyesight. (SInv)
Armour fits poorly on your strangely shaped body.
Your system is resistant to poisons. (rPois)
You cover ground very slowly.
You have a slow metabolism.
You can spit poison.


Message History

You now have 14 gold pieces!
h - a scroll labeled OCUTUCL NOFO You open the large door!
There is a large butt door here!
A giant cockroach comes into view!
A giant cockroach is nearby!!!
A giant cockroach is nearby!!!
A giant cockroach is nearby!!!
Press: ? - help, Shift-Dir - straight line, f - you Really target yourself? [Y]es or [N]o only, please!
Really target yourself?
Butt, then!
Butts: ? - help, Shift-Dir - straight line, f - giant cockroach
Aim: a giant cockroach (clinging, resting)
The splash of poison hits the giant cockroach!
The giant cockroach is poisoned!
You annihilate the giant cockroach!!!
You feel slightly more hungry!
Are butt sure you want to abandon this character and quit the game? (Confirm with "yes"!)

###########
.####.# #.. ...
.'.##.# #.# #.#
.'.##.# #.# #.#
##.##.###.######.#
.........#........
#####.###.######.#
#.# #.# #.#
#.###.## #@#
#......# #.#
#####..#####.#
#........#
##.####### #.# #.#
#.# #.#


There were no monsters in sight!

Vanquished Creatures
  A giant cockroach (D:1)
1 creature vanquished.

Notes
Turn   | Place    | Note
-------+----------+-------------------------------------------
     0 | D:1      | Gorglomux the Naga Earth Elementalist began the quest for the Orb.
     0 | D:1      | Reached XP level 1. HP: 15/15 MP: 3/3
    93 | D:1      | Quit the game

Vault maps used:
D:1:      minmay_arrival_widening_spiral_wide, minmay_domino_2

Action                   || total
-------------------------++-------
 Abil: Spit Poison       ||     1

Table legend:
 A = Spawn XP
 B = Non-spawn XP
 C = Spawn XP percentage of total XP
 D = Spawn monster count
 E = Non-spawn monster count
 F = Spawn count percentage of total count
 G = Total turns spent on level
                    A         B        C        D         E        F      G
               +---------+---------+-------+---------+---------+-------+---------
         Total |       0 |       2 |   0.0 |       0 |       1 |   0.0 |    93
               +---------+---------+-------+---------+---------+-------+---------
           D:1 |       0 |       2 |   0.0 |       0 |       1 |   0.0 |    93
               +---------+---------+-------+---------+---------+-------+---------
